 Dungeon Crawl Stone Soup version 0.32-a0-999-gfa1cc04b1d (webtiles) character file.

Game seed: 18002589805699427166

73 protoss039 the Digger (level 4, 30/30 HPs)
             Began as a Demonspawn Earth Elementalist on Apr 24, 2024.
             Got out of the dungeon alive.
             The game lasted 00:02:38 (1251 turns).

protoss039 the Digger (DsEE)                        Turns: 1251, Time: 00:02:38

Health: 30/30      AC:  6    Str:  8    XL:     4   Next: 8%
Magic:  7/7        EV:  9    Int: 18    God:
Gold:   44         SH:  0    Dex: 13    Spells: 4/8 levels left

rFire   . . .        h - +2 dagger (venom)
rCold   . . .        (no shield)
rNeg    . . .        p - +0 ring mail
rPois   .            q - +0 helmet
rElec   .            (no cloak)
rCorr   .            (no gloves)
SInv    .            (no boots)
Will    .....        (no amulet)
Stlth   +            (no ring)
HPRegen 0.25/turn    (no ring)
MPRegen 0.10/turn

%: no passive effects
@: no status effects
A: hooves 2, spiny 1
a: no special abilities


You escaped.
You visited 1 branch of the dungeon, and saw 2 of its levels.

You collected 44 gold pieces.

Inventory:

Hand Weapons
 h - a +2 dagger of venom (weapon)
 k - a +0 hand axe of draining
Armour
 a - a +0 robe
 p - a +0 ring mail (worn)
 q - a +0 helmet (worn)
Magical Staves
 o - a staff of conjuration
 s - a staff of air
Scrolls
 c - a scroll of identify {unknown}
 f - 3 scrolls of teleportation {unknown}
 j - a scroll of enchant armour {unknown}
 l - a scroll of immolation {unknown}
 m - a scroll of fog {unknown}
 n - a scroll of summoning {unknown}
 r - a scroll of blinking {unknown}
Potions
 b - 2 potions of magic
 d - 2 potions of brilliance {unknown}
 e - a potion of attraction {unknown}
 g - 2 potions of heal wounds {unknown}
 i - a potion of degeneration {unknown}


   Skills:
 + Level 2.3 Dodging
 + Level 2.4 Stealth
 + Level 2.5 Spellcasting
 + Level 1.9 Conjurations
 + Level 3.1 Earth Magic


You had 4 spell levels left.
You knew the following spells:

 Your Spells              Type           Power      Damage    Failure   Level
a - Sandblast             Erth           26%        2d8       14%         1
b - Passwall              Erth           13%        N/A       41%         3

Your spell library contained the following spells:

 Spells                   Type           Power      Damage    Failure   Level
 Stone Arrow              Conj/Erth      22%        3d8       50%         3
 Brom's Barrelling Bould  Conj/Erth      11%        2d3       88%         4
 Petrify                  Alch/Erth      7%         N/A       95%         4


Dungeon Overview and Level Annotations

Branches:
Dungeon (2/15) Zot: 10724

Altars:

Annotations:
D:2 Robin


Innate Abilities, Weirdness & Mutations

You have hoof-like feet.
You are partially covered in sharp spines.


Message History

Your magical contamination has completely faded away.
Unknown command.
Things that are here:
a +0 dagger; a goblin corpse Magic restored.
There is a stone staircase leading down here.
Unknown command.
You climb downwards.
Level annotation: Robin, Terence
There is a stone staircase leading up here.
Unknown command.
Okay, then.
This spell is astonishingly dangerous to cast!
You start memorising the spell.
You continue memorising. x3
You finish memorising.
Spell assigned to 'b'.
You aren't carrying any items that you can evoke.
Okay, then.
Okay, then.
Unknown command.
You hit Terence but do no damage. Terence hits you but does no damage.
You hit Terence.
Terence is poisoned.
Terence is moderately wounded.
Terence closely misses you.
You hit Terence but do no damage.
Terence looks as sick as possible!
You kick Terence.
Terence is heavily wounded.
Terence hits you with a +0 hand axe. Terence attacks as he pursues you!
Terence hits you with a +0 hand axe.
You kill Terence!
You have reached level 4!
You feel clever.
Your demonic ancestry asserts itself...
Sharp spines emerge from parts of your body.
Things that are here:
a +0 hand axe; a +0 scale mail
There is a stone staircase leading up here.
You climb upwards.
There is a stone staircase leading down here.
HP restored.
There is a staircase leading out of the dungeon here.
You have escaped!

# ##≈≈≈≈≈≈.≈≈≈## #.#.#.
##≈≈≈≈≈≈.≈≈≈≈≈## #.....
##≈≈≈≈≈≈≈.≈≈≈≈≈≈## ####...
#≈≈≈ß≈≈≈≈≈.≈≈ß≈≈≈# #..)÷##
##≈≈≈≈≈≈≈≈≈≈.≈≈≈≈≈# #....##
#######.≈≈≈≈~~~≈≈≈.≈≈≈≈≈# #......
........~≈≈~≈≈≈~≈≈.≈≈≈≈≈# #.....#
......#.≈~~≈≈≈≈>..≈≈≈≈≈≈# #...#.#
........≈≈≈≈≈≈.)@≈≈≈≈~~≈###...#.#
#######.≈≈≈≈≈.≈≈~≈≈≈~≈≈~##....#.#
#######.≈≈≈≈≈.≈≈≈~~~≈≈≈≈...##...#
........≈≈≈≈≈.≈≈≈≈≈≈≈≈≈≈#####.#.#
####....≈≈≈ß≈≈.≈≈≈≈≈ß≈≈≈# #.#.#
........#≈≈≈≈≈≈.≈≈≈≈≈≈≈## #.###
####.##.##≈≈≈≈≈.≈≈≈≈≈≈## #.# #
#.##.###≈≈≈.≈≈≈≈≈≈########.# #
#....# #.#.................#


There were no monsters in sight!

Vanquished Creatures
  Terence (D:2)
  An adder (D:2)
  2 dart slugs (D:1)
  2 giant cockroaches (D:1)
  10 goblins
  2 hobgoblins
  4 kobolds (D:1)
  4 ball pythons
  2 bats
  3 frilled lizards
  5 rats
36 creatures vanquished.

Notes
Turn   | Place    | Note
-------+----------+-------------------------------------------
     0 | D:1      | protoss039 the Demonspawn Earth Elementalist began the
                  | quest for the Orb.
     0 | D:1      | Reached XP level 1. HP: 13/13 MP: 3/3
   365 | D:1      | Gained mutation: You have large cloven feet. [demonic
                  | ancestry]
   365 | D:1      | Reached XP level 2. HP: 19/19 MP: 3/5
   972 | D:2      | Reached skill level 3 in Earth Magic
   972 | D:2      | Gained mutation: You have hoof-like feet. [demonic
                  | ancestry]
   972 | D:2      | Reached XP level 3. HP: 24/24 MP: 4/6
  1128 | D:2      | Noticed Terence
  1128 | D:2      | Noticed Robin
  1200 | D:2      | Learned a level 3 spell: Passwall
  1206 | D:2      | Killed Terence
  1207 | D:2      | Gained mutation: You are partially covered in sharp spines.
                  | [demonic ancestry]
  1207 | D:2      | Reached XP level 4. HP: 23/30 MP: 7/7
  1251 | D:$      | Got out of the dungeon alive.

Illustrated notes

Levels and vault maps discovered:
D:1:      nzn_arrival_water_spiral, layout_basic, minmay_misc_feat_rugged,
          hangedman_glass_teeth, minmay_tall_x
D:2:      layout_rooms, uniq_robin, uniq_terence

Skill      XL: |  1  2 |
---------------+-------+-----
Stealth        | 2 |  2.4
Dodging        | 2 |  2.3
Earth Magic    | 3 |  3.1
Spellcasting   | |  2.5
Conjurations   | |  1.9

Action                     |  1- 3 |  4- 6 || total
---------------------------+-------+-------++-------
  Melee: Unarmed           |     3 |       ||     3
         Dagger            |    36 |       ||    36
         Kick              |     7 |       ||     7
   Cast: Sandblast         |    20 |       ||    20
   Stab: Sleeping          |     2 |       ||     2
 Armour: Robe              |    22 |       ||    22
         Ring mail         |    10 |       ||    10
  Dodge: Dodged            |    23 |       ||    23

Table legend: (Time is in decaauts)
 A = Elapsed time spent in this place.
 B = Non-inter-level travel time spent in this place.
 C = Inter-level travel time spent in this place.
 D = Time resting spent in this place.
 E = Time spent auto-exploring this place.
 F = Levels seen in this place.
 G = Mean time per level.
                   A        B        C        D        E       F      G
               +--------+--------+--------+--------+--------+-----+--------+
         Total |   1275 |   1089 |    186 |     51 |    779 |   2 |  637.5 |
       Dungeon |   1275 |   1089 |    186 |     51 |    779 |   2 |  637.5 |
               +--------+--------+--------+--------+--------+-----+--------+

Top non-repeatable levels by time:
     D:1: 1014 daAuts
     D:2: 260 daAuts
